 Dungeon Crawl Stone Soup version 0.26-a0-450-ge645bd13c1 (webtiles) character file.

Game seed: 8248123600033326629

9359 Efemafry the Thaumaturge (level 11, -2/81 HPs)
             Began as a Merfolk Ice Elementalist on July 27, 2020.
             Was a Priest of Vehumet.
             Hit by a large rock thrown by a cyclops (6 damage)
             ... on level 14 of the Dungeon.
             The game lasted 00:40:47 (15231 turns).

Efemafry the Thaumaturge (MfIE)                    Turns: 15231, Time: 00:40:48

Health: -2/81      AC:  6    Str:  8      XL:     11   Next: 45%
Magic:  22/24      EV: 22    Int: 18      God:    Vehumet [***...]
Gold:   637        SH:  0    Dex: 14 (15) Spells: 16/29 levels left

rFire    + . .     SeeInvis .   f - +1 dagger (venom)
rCold    + + .     Faith    .   (no shield)
rNeg     . . .     Spirit   .   a - +0 robe
rPois    .         Reflect  .   (no helmet)
rElec    .         Harm     .   D - scarf {rC+ rF+}
rCorr    .                      v - +0 pair of gloves
MR       +....                  B - +2 pair of boots "Kiesy" {rC+}
Stlth    +++.......             (no amulet)
HPRegen  0.23/turn              m - +4 ring of evasion
MPRegen  0.19/turn              b - ring of protection from magic

@: frozen ramparts
A: change form in water, swift swim, stealthy swim
a: Renounce Religion


You were on level 14 of the Dungeon.
You worshipped Vehumet.
Vehumet was most pleased with you.
You visited 2 branches of the dungeon, and saw 14 of its levels.

You collected 637 gold pieces.

Inventory:

Hand Weapons
 f - a +1 dagger of venom (weapon)
 n - a +2 short sword of venom
 J - a +1 demon blade of venom
Missiles
 d - 3 datura-tipped darts
 k - 23 poisoned darts (quivered)
 p - 6 curare-tipped darts
 r - 3 throwing nets
 O - 2 javelins
Armour
 a - a +0 robe (worn)
 v - a +0 pair of gloves (worn)
 B - the +2 pair of boots "Kiesy" (worn) {rC+}
   (You found it on level 7 of the Dungeon)

   It protects you from cold.
 D - a scarf of resistance (worn)
 M - a +0 troll leather armour
Jewellery
 b - a ring of protection from magic (right hand)
 m - a +4 ring of evasion (left hand)
 G - a +6 ring of dexterity
 N - a cursed amulet of inaccuracy {unknown}
Wands
 y - a wand of acid (6)
 A - a wand of enslavement (9)
 E - a wand of disintegration (21)
Scrolls
 e - 4 scrolls of enchant armour {unknown}
 h - 4 scrolls of magic mapping {unknown}
 l - 5 scrolls of teleportation
 o - 3 scrolls of immolation
 u - 2 scrolls of amnesia {unknown}
 x - a scroll of blinking {unknown}
 z - 10 scrolls of remove curse {unknown}
 F - a scroll of random uselessness {unknown}
 H - a scroll of fear {unknown}
 K - 2 scrolls of fog {unknown}
 L - 6 scrolls of identify
Potions
 c - 2 potions of might
 g - 5 potions of heal wounds
 i - a potion of resistance {unknown}
 j - 9 potions of curing
 q - 3 potions of stabbing
 s - a potion of flight
 t - 4 potions of invisibility
 w - a potion of mutation
 C - a potion of magic {unknown}
Miscellaneous
 I - a phial of floods


   Skills:
 + Level 6.1 Fighting
 + Level 8.2 Short Blades
 + Level 1.7 Throwing
 + Level 9.4 Dodging
 + Level 6.1 Stealth
 * Level 9.5 Spellcasting
 + Level 1.2 Conjurations
 + Level 9.0 Ice Magic


You had 16 spell levels left.
You knew the following spells:

 Your Spells              Type           Power        Failure   Level
a - Freeze                Ice            ####         1%          1
b - Frozen Ramparts       Ice            #####.       1%          3
c - Hailstorm             Conj/Ice       ####....     2%          4
d - Sandblast             Erth           #.....       2%          1
e - Summon Ice Beast      Ice/Summ       ###.....     13%         4

Your spell library contained the following spells:

 Spells                   Type           Power        Failure   Level
 Stone Arrow              Conj/Erth      ##....       5%          3
 Ensorcelled Hibernation  Hex/Ice        ###...       1%          2
 Ozocubu's Armour         Ice            #####...     1%          3
 Dazzling Flash           Conj/Hex       ##....       5%          3
 Mephitic Cloud           Conj/Pois/Air  ##......     6%          3
 Ignite Poison            Fire/Tmut/Pois #.......     7%          3
 Corona                   Hex            #......      9%          1
 Sting                    Tmut/Pois      #...         9%          1
 Poisonous Vapours        Pois/Air       #.....       13%         2
 Olgreb's Toxic Radiance  Pois           #.......     21%         4
 Confusing Touch          Hex            #.......     26%         3
 Gell's Gravitas          Tloc           #.........   26%         3
 Tukima's Dance           Hex            #.......     26%         3
 Metabolic Englaciation   Hex/Ice        ###.......   36%         5
 Yara's Violent Unravell  Hex/Tmut       #.........   50%         5
 Petrify                  Tmut/Erth      #.......     63%         4


Dungeon Overview and Level Annotations

Branches:
Dungeon (13/15)            Temple (1/1) D:5            Lair (0/6) D:9
    Orc: D:9-12      Vaults: D:13-14

Altars:
Ashenzari
Cheibriados
Dithmenos
Elyvilon
Fedhas
Gozag
Hepliaklqana
Kikubaaqudgha
Makhleb
Nemelex Xobeh
Okawaru
Qazlal
Ru
Sif Muna
Trog
Uskayaw
Vehumet
Wu Jian
Xom
Yredelemnul
Zin
The Shining One

Shops:
D:4 (   D:14 :

Annotations:
D:4 1 runed translucent door, KristoblXynda's ghost, amateur DrMo
D:13 Snorg


Message History

You feel your power returning.
Your Ice Magic skill increases to level 9!
The cyclops throws a large rock.
The large rock hits you!!
Things that are here:
a large rock; a +0 giant club You see here a +0 giant club.
The frozen ramparts melt away.
There is an open door here.
Casting: Frozen Ramparts (safe; 1% risk of failure)
Confirm with . or Enter, or press ? or * to list all spells.
The walls around you are covered in ice.
The wall freezes the cyclops!
The cyclops throws a large rock.
The large rock barely misses you.
The wall freezes the cyclops!
The cyclops throws a large rock.
The large rock hits you!!!
* * * LOW HITPOINT WARNING * * *
You see here a large rock.
The wall freezes the cyclops!
The cyclops throws a large rock.
The large rock hits you.
You die...

##+##### #......#
#...@.(### #######+##
#......(.###.........
#......#..##.........
#......##C##.........
#......##(##.........
#......##..'.........
####+#######.........
#......... ###'######


You could see a cyclops.

Vanquished Creatures
  3 two-headed ogres
  Pikel (D:8)
  An ugly thing (D:9)
  An elephant (D:9)
  2 trolls
  Prince Ribbit (D:7)
  A wyvern (D:9)
  A basilisk (D:9)
  A yak (D:9)
  An acid dragon (D:12)
  4 orc warriors
  2 ice beasts (D:6)
  6 sky beasts
  2 black bears
  4 phantoms
  10 ogres
  A necrophage (D:8)
  2 centaurs
  3 lemures (D:8)
  A crocodile (D:9)
  A big kobold (D:7)
  7 bullfrogs
  A wyvern skeleton (D:14)
  5 scorpions
  3 wights
  4 killer bees (D:9)
  A quasit (D:9)
  Crazy Yiuf (D:7)
  2 bullfrog skeletons
  3 centaur skeletons
  4 orc priests
  6 hounds
  10 orc wizards
  3 worker ants
  A hound zombie (D:5)
  A worker ant zombie (D:6)
  3 gnolls (D:9)
  14 adders
  A shadow imp (D:6)
  4 white imps
  An ufetubus (D:6)
  3 oozes
  2 adder skeletons
  An adder zombie (D:9)
  4 worms
  A dart slug (D:1)
  10 leopard geckos
  34 orcs
  4 giant cockroaches
  12 goblins
  4 hobgoblins
  13 jackals
  6 quokkas
  2 ball pythons
  9 bats
  8 frilled lizards
  10 kobolds
  A leopard gecko skeleton (D:4)
  A quokka skeleton (D:6)
  A quokka zombie (D:9)
  9 rats
259 creatures vanquished.

Vanquished Creatures (collateral kills)
  A centaur skeleton (D:8)
1 creature vanquished.

Vanquished Creatures (others)
  A plant (D:9)
1 creature vanquished.

Grand Total: 261 creatures vanquished

Notes
Turn   | Place    | Note
-------+----------+-------------------------------------------
     0 | D:1      | Efemafry the Merfolk Ice Elementalist began the quest for
                  | the Orb.
     0 | D:1      | Reached XP level 1. HP: 13/13 MP: 3/3
   112 | D:1      | Found a hazy altar of Hepliaklqana.
   156 | D:1      | Reached XP level 2. HP: 6/19 MP: 3/5
   586 | D:1      | Reached XP level 3. HP: 12/25 MP: 0/6
   604 | D:1      | Learned a level 3 spell: Frozen Ramparts
  1456 | D:2      | Reached skill level 1 in Short Blades
  1721 | D:2      | Reached XP level 4. HP: 2/31 MP: 4/7
  2178 | D:3      | Reached skill level 1 in Fighting
  2184 | D:3      | Reached XP level 5. HP: 22/37 MP: 3/9
  2186 | D:3      | Reached skill level 5 in Ice Magic
  2842 | D:3      | Found a faded altar of an unknown god.
  3657 | D:4      | Found a runed translucent door.
  3657 | D:4      | Noticed KristoblXynda's ghost (amateur DrMo)
  3762 | D:4      | Reached XP level 6. HP: 38/44 MP: 4/10
  3843 | D:4      | Noticed a phantom
  4372 | D:4      | Found Dokhlu's Antique Weapon Shop.
  4812 | D:5      | Entered Level 5 of the Dungeon
  4975 | D:5      | Found an iron altar of Okawaru.
  5252 | D:5      | Found a staircase to the Ecumenical Temple.
  5260 | Temple   | Entered the Ecumenical Temple
  5298 | Temple   | Became a worshipper of Vehumet
  5581 | D:5      | Reached XP level 7. HP: 39/50 MP: 12/12
  5760 | D:5      | Learned a level 4 spell: Hailstorm
  6536 | D:6      | Reached skill level 5 in Dodging
  6536 | D:6      | Reached XP level 8. HP: 36/57 MP: 9/15
  6707 | D:6      | Reached * piety under Vehumet
  6707 | D:6      | Offered knowledge of Sandblast by Vehumet.
  6755 | D:6      | Reached skill level 5 in Spellcasting
  8634 | D:6      | Noticed a two-headed ogre
  8647 | D:6      | Reached skill level 5 in Short Blades
  8660 | D:6      | Reached XP level 9. HP: 51/65 MP: 11/17
  8663 | D:6      | Killed a two-headed ogre
  8879 | D:6      | Learned a level 1 spell: Sandblast
  8966 | D:6      | Found a snail-covered altar of Cheibriados.
  9418 | D:6      | Reached skill level 1 in Conjurations
  9506 | D:6      | Reached skill level 1 in Throwing
  9606 | D:7      | Offered knowledge of Foxfire by Vehumet.
  9621 | D:7      | Got a pair of pitted boots
  9627 | D:7      | Identified the +2 pair of boots "Kiesy" {rC+} (You found it
                  | on level 7 of the Dungeon)
  9731 | D:7      | Reached ** piety under Vehumet
 10312 | D:7      | Noticed Prince Ribbit
 10334 | D:7      | Killed Prince Ribbit
 10334 | D:7      | Reached XP level 10. HP: 30/73 MP: 17/20
 10719 | D:7      | Found a runed translucent door.
 10720 | D:7      | Noticed Crazy Yiuf
 10791 | D:7      | Killed Crazy Yiuf
 11331 | D:8      | Noticed Pikel
 11384 | D:8      | Killed Pikel
 11539 | D:8      | Offered knowledge of Inner Flame by Vehumet.
 11638 | D:8      | Learned a level 4 spell: Summon Ice Beast
 11671 | D:8      | Reached skill level 5 in Fighting
 11982 | D:8      | Reached *** piety under Vehumet
 12074 | D:8      | Found a hide-covered altar of Uskayaw.
 12074 | D:8      | Found a sparkling altar of Nemelex Xobeh.
 12342 | D:9      | Reached skill level 5 in Stealth
 12351 | D:9      | Found a staircase to the Lair.
 12352 | D:9      | Noticed an elephant
 12381 | D:9      | Killed an elephant
 12533 | D:9      | Noticed a two-headed ogre
 12548 | D:9      | Killed a two-headed ogre
 12712 | D:9      | Reached XP level 11. HP: 65/80 MP: 23/23
 12991 | D:9      | Found a shadowy altar of Dithmenos.
 13010 | D:9      | Offered knowledge of Stone Arrow by Vehumet.
 13518 | D:9      | Noticed a red ugly thing
 13551 | D:9      | Killed a red ugly thing
 13899 | D:9      | Found a shattered altar of Ashenzari.
 13901 | D:9      | Noticed a two-headed ogre
 13931 | D:9      | Killed a two-headed ogre
 14208 | D:9      | Found an ornate altar of the Wu Jian Council.
 14526 | D:10     | Entered Level 10 of the Dungeon
 14637 | D:10     | You fall into a shaft and drop 3 floors!
 14638 | D:13     | Noticed Snorg
 14685 | D:12     | You fall into a shaft and drop 2 floors!
 14685 | D:14     | Found Ygonuduo's Book Emporium.
 14979 | D:14     | Noticed a cyclops
 15218 | D:14     | Noticed a cyclops
 15228 | D:14     | HP: 3/81 [cyclops/large rock (39)]
 15231 | D:14     | Hit by a large rock thrown by a cyclops

Illustrated notes

Levels and vault maps discovered:
D:1:      psy_arrival_dodecagon, layout_loops_ring, minmay_hexomino_r4
D:2:      layout_rooms, chequers_serial_rivers_micro_a, grunt_decor_mini_mirrors
D:3:      cheibrodos_pilgrimage, layout_basic,
          chequers_ecumenical_altar_simple_redux, grunt_ministairs_13,
          minmay_misc_feat_pillars
D:4:      layout_gridville, serial_shops, nicolae_shop_crystal,
          ebering_ghost_inner_flame
D:5:      minmay_bubble_buster, layout_basic, minmay_temple_entry_glassed_door,
          okawaru_ov_weapons_minmay
D:6:      layout_rooms, overflow_temple_1_default, minmay_divided_ellipse
D:7:      layout_loops_ring, minivault_19, uniq_crazy_yiuf_cottage,
          uniq_prince_ribbit1
D:8:      lemuel_ice_spiral_2, layout_basic, gammafunk_temple_overflow_elements,
          uniq_pikel
D:9:      layout_irregular_city, lemuel_crystal_altar, old_standard_altar,
          marbit_many_paths, david_lair_generic
D:10:     cheibrodos_shockbox, layout_basic
D:12:     layout_gridville, basic_altar, portal_ice_cave_entry_ice_beasts
D:13:     layout_stronghold, uniq_snorg
D:14:     layout_roguey, david_vaults_4, lemuel_statue_altar, serial_shops,
          shop, nicolae_shop_overgrown_old_shop
Temple:   regret_index_temple_waves

Skill      XL: |  1  2  3  4  5  6  7  8  9 10 11 |
---------------+----------------------------------+-----
Dodging        | 3 4 5 6 7 8 9 |  9.4
Short Blades   | 1 2 3 5 6 7 8 |  8.2
Fighting       | 1 2 4 5 6 |  6.1
Stealth        | 3 4 5 6 |  6.1
Ice Magic      | 5 6 7 8 9 |  9.0
Spellcasting   | 3 4 5 7 8 9 |  9.5
Conjurations   | 1 |  1.2
Throwing       | 1 |  1.7

Action                   |  1- 3 |  4- 6 |  7- 9 | 10-12 || total
-------------------------+-------+-------+-------+-------++-------
Melee: Short sword       |    46 |       |       |       ||    46
       Dagger            |    52 |   202 |   449 |   475 ||  1178
Throw: Dart              |       |       |     5 |       ||     5
 Cast: Freeze            |    18 |    23 |    42 |    12 ||    95
       Frozen Ramparts   |       |     8 |    23 |    32 ||    63
       Hailstorm         |       |       |     4 |     1 ||     5
       Summon Ice Beast  |       |       |       |     2 ||     2
  Use: Scroll            |     1 |     2 |       |     8 ||    11
       Potion            |       |     1 |       |       ||     1
 Stab: Sleeping          |     3 |     6 |     3 |    10 ||    22
       Distracted        |       |       |     2 |       ||     2
Armor: Robe              |    26 |    16 |    36 |    43 ||   121
Dodge: Dodged            |   100 |   160 |   337 |   328 ||   925

Table legend: (Time is in decaauts)
 A = Elapsed time spent in this place.
 B = Non-inter-level travel time spent in this place.
 C = Inter-level travel time spent in this place.
 D = Time resting spent in this place.
 E = Time spent auto-exploring this place.
 F = Levels seen in this place.
 G = Mean time per level.
                   A        B        C        D        E       F      G
               +--------+--------+--------+--------+--------+-----+--------+
         Total |  14943 |  14402 |    541 |   1177 |  10043 |  14 | 1067.4 |
       Dungeon |  14823 |  14297 |    526 |   1177 |   9943 |  13 | 1140.2 |
        Temple |    120 |    105 |     15 |      0 |     99 |   1 |  120.0 |
               +--------+--------+--------+--------+--------+-----+--------+

Top non-repeatable levels by time:
     D:6: 2292 daAuts
     D:5: 2266 daAuts
     D:9: 2145 daAuts
     D:3: 1446 daAuts
     D:7: 1351 daAuts
     D:1: 1337 daAuts
     D:8: 1284 daAuts
     D:4: 1202 daAuts
     D:2: 808 daAuts
    D:14: 533 daAuts
  Temple: 120 daAuts
    D:10: 108 daAuts
    D:12: 34 daAuts
    D:13: 12 daAuts
